[Event "Romanian Championship 2024"]
[Site "Eforie Nord"]
[Date "2024.02.25"]
[Round "2.19"]
[White "Corbu, George-Alexandru"]
[Black "Armenciu, Bogdan-Ovidiu"]
[Result "0-1"]
[ECO "A58"]
[WhiteElo "1902"]
[BlackElo "1936"]
[Annotator "RC"]
[PlyCount "64"]
[EventDate "2024.02.24"]
[EventType "swiss"]
[EventCountry "ROU"]
[SourceTitle "playchess.com"]
[Source "ChessBase"]
[SourceQuality "1"]
[TimeControl "40/5400+30:900+30"]

1. d4 Nf6 2. c4 c5 3. d5 b5 4. cxb5 a6 5. bxa6 g6 6. Nc3 Bg7 7. e4 Qa5 8. Bd2 Bxa6 9. Nge2 O-O 10. a4 Qb4 11. f3 Qb7 12. Be3 d6 13. Rb1 Nbd7 14. b3 Rfb8 15. Ng3 Ne8 16. Nb5 Nc7 17. Nxc7 Qxc7 18. Qc2 Qb7 19. Ne2 Bxe2 20. Bxe2 Rxa4 21. Bd2 Ra3 22. b4 Bd4 23. Qc1 Qa7 24. b5 Nb6 25. Bd1 Ra8 26. Ke2 Qd7 27. Bc2 Ra1 28. Rd1 R8a2 29. Rxa1 Rxa1 30. Qxa1 Bxa1 31. Rxa1 Qxb5+ 32. Kd1 Qf1+ 0-1

[Event "Romanian Championship 2024"]
[Site "Eforie Nord"]
[Date "2024.02.25"]
[Round "2.20"]
[White "Nastase, Stefan"]
[Black "Antonica, Dragos-Andrei"]
[Result "0-1"]
[ECO "A06"]
[WhiteElo "1815"]
[BlackElo "2366"]
[Annotator "TA"]
[PlyCount "110"]
[EventDate "2024.02.24"]
[EventType "swiss"]
[EventCountry "ROU"]
[SourceTitle "playchess.com"]
[Source "ChessBase"]
[SourceQuality "1"]
[TimeControl "40/5400+30:900+30"]

1. Nf3 Nf6 2. b3 d5 3. Bb2 Bg4 4. Ne5 Bh5 5. g3 e6 6. Bg2 {[%emt 0:00:18] A06: Réti Opening: 1 Nf3 d5.} Nbd7 7. d4 Nxe5 8. dxe5 Nd7 9. O-O c6 $146 ({Predecessor:} 9... Be7 10. c4 c6 11. Qc2 Bg6 12. e4 h5 13. Nc3 d4 14. Ne2 c5 15. Nf4 Nxe5 16. Nxg6 Nxg6 {0-1 Kerek,C (2190)-Bigaliev,R (2430) Kobanya op 1996 (1)}) 10. Nd2 Bc5 11. h3 Qb6 12. g4 Bg6 13. c4 h5 14. g5 O-O 15. Rc1 Bd4 16. Bxd4 Qxd4 17. cxd5 exd5 18. Nc4 $1 Qf4 19. e3 Qf5 20. f4 ({Better is} 20. Nd6 $15 Qxe5 (20... Qxg5 21. f4 $11) 21. Nxb7) 20... dxc4 $19 21. e4 Qe6 22. f5 Qe7 (22... Qxe5 23. Qxd7 Rad8 24. Qxb7 $11) 23. fxg6 fxg6 24. Qd6 Qxd6 (24... Qxg5 25. Qxd7 Kh7 26. h4 (26. bxc4 $2 Rad8 $19) 26... Qxh4 27. Qxb7 $16 (27. bxc4 Qg5 $11)) 25. exd6 cxb3 26. axb3 Ne5 27. Rcd1 (27. h4 $17) 27... Rad8 (27... h4 $19 28. Rxf8+ Kxf8) 28. h4 $1 $15 Rxf1+ 29. Bxf1 Kf7 30. Bh3 Ng4 31. Bxg4 hxg4 32. e5 Ke6 33. Re1 Rh8 34. Kg2 Rxh4 35. Kg3 Rh3+ 36. Kxg4 Rd3 (36... Rxb3 $2 37. Rd1 Rb4+ (37... Kxe5 $2 38. d7 $18) 38. Kg3 Rb3+ (38... Kxe5 $2 39. d7 $18) 39. Kg2 Rb2+ (39... Kxe5 $2 40. d7 $18) 40. Kg1 $18) 37. Kf4 $2 ({White has to play} 37. b4 $1 $15) 37... c5 $19 (37... Rxb3 $2 38. Rd1 Rb4+ 39. Kg3 Rb3+ (39... Kxe5 $2 40. d7 $18) 40. Kg2 Rb2+ (40... Kxe5 $2 41. d7 $18) 41. Kg1 $18) 38. Re3 Rd1 (38... Rxe3 39. Kxe3 Kd7 (39... Kxe5 $2 40. d7 $18) 40. Kd3 $11) 39. Ke4 Rd4+ 40. Kf3 a5 41. Ke2 {[%emt 0:00:00] [#]} Rd5 $1 42. Kf3 (42. Kf2 {was necessary.}) 42... b5 $19 (42... Rxe5 $2 43. Rxe5+ Kxd6 44. Re8 $18) 43. Re4 Rd3+ (43... Rxe5 $2 44. Rxe5+ Kxd6 45. Kf4 $18 (45. Ke4 Kc6 $18)) 44. Re3 Rd4 45. Rc3 Rd5 (45... Kxe5 46. Rxc5+ Kxd6 47. Rxb5 $11) 46. Re3 a4 (46... Rxe5 $2 47. Rxe5+ Kxd6 48. Ke4 $18) 47. bxa4 bxa4 (47... Rxe5 48. Rxe5+ (48. axb5 $2 Kxd6 49. Re4 Kd5 $19) 48... Kxd6 49. a5 $18 (49. Re4 bxa4 50. Rxa4 Ke5 51. Kg4 Ke6 52. Ra7 c4 53. Rxg7 Kd6 54. Rxg6+ Kd7)) 48. Ke2 c4 (48... Rxe5 49. Rxe5+ Kxd6 50. Re3 $18) 49. Re4 (49. Ra3 $142 Rxe5+ 50. Kd2) 49... a3 $19 (49... Rxe5 50. Rxe5+ Kxd6 51. Ra5 a3 52. Ke3 (52. Rxa3 Ke5 53. Ke3 Kf5 54. Ra5+ Kg4 55. Kd4 Kf4 56. Kxc4 Ke4) 52... Ke7 53. Rxa3 Ke6 54. Ra5) 50. Rxc4 Rxe5+ 51. Kf3 Ra5 (51... Rxg5 52. Ra4 $15) 52. Re4+ Kxd6 53. Re1 a2 54. Ra1 Ke5 ({Weaker is} 54... Rxg5 55. Rxa2 Ke7 56. Ra1 $17) 55. Kg3 Kd4 0-1

[Event "Romanian Championship 2024"]
[Site "Eforie Nord"]
[Date "2024.02.25"]
[Round "2.21"]
[White "Ciocani, Iosif"]
[Black "Ghita, Vlad-Bogdan"]
[Result "1-0"]
[ECO "B49"]
[WhiteElo "2063"]
[BlackElo "1893"]
[Annotator "NA RC"]
[PlyCount "67"]
[EventDate "2024.02.24"]
[EventType "swiss"]
[EventCountry "ROU"]
[SourceTitle "playchess.com"]
[Source "ChessBase"]
[SourceQuality "1"]
[TimeControl "40/5400+30:900+30"]

1. e4 c5 2. Nf3 e6 3. d4 cxd4 4. Nxd4 Nc6 5. Nc3 Qc7 6. Be3 a6 7. a3 b5 8. Nxc6 Qxc6 9. Be2 Bb7 10. O-O Nf6 11. Qd2 d6 12. f3 Be7 13. a4 b4 14. Na2 d5 15. e5 Nd7 16. Nxb4 Qc7 17. f4 O-O 18. Nd3 Rfc8 19. c3 Nb6 20. b3 a5 21. Bd4 Ba6 22. f5 exf5 23. Rxf5 g6 24. Rf3 Bxd3 25. Bxd3 Bc5 26. Qf4 Rf8 27. Rh3 f6 28. Qh4 fxe5 29. Bxg6 exd4 30. Bxh7+ Kf7 31. Re1 dxc3+ 32. Kh1 Qd6 33. Qh5+ Kg7 34. Qg5+ 1-0

[Event "Romanian Championship 2024"]
[Site "Eforie Nord"]
[Date "2024.02.25"]
[Round "2.22"]
[White "Burtea, Marius-Valentin"]
[Black "Gales, Randi-Ioan"]
[Result "0-1"]
[ECO "E06"]
[WhiteElo "1770"]
[BlackElo "2062"]
[Annotator "RC"]
[PlyCount "74"]
[EventDate "2024.02.24"]
[EventType "swiss"]
[EventCountry "ROU"]
[SourceTitle "playchess.com"]
[Source "ChessBase"]
[SourceQuality "1"]
[TimeControl "40/5400+30:900+30"]

1. Nf3 Nf6 2. g3 d5 3. Bg2 e6 4. O-O Be7 5. d4 O-O 6. c4 c6 7. Qc2 b6 8. Ne5 Nfd7 9. Nd3 a5 10. b3 Ba6 11. Bb2 b5 12. c5 b4 13. a3 bxa3 14. Rxa3 Bf6 15. f4 Bxd3 16. exd3 Na6 17. Bc3 Nb4 18. Qd2 Qb8 19. Ra4 Qb5 20. Rd1 Rfb8 21. Na3 Qb7 22. Rb1 g6 23. Bf1 Bg7 24. Qb2 f6 25. Nc2 Nxc2 26. Qxc2 e5 27. fxe5 fxe5 28. Bh3 Re8 29. Bxd7 Qxd7 30. dxe5 Bxe5 31. Bxe5 Rxe5 32. Rf1 Rae8 33. Qf2 Qe7 34. Qf6 Qxf6 35. Rxf6 Re2 36. Rxc6 Rc2 37. Rc7 Re1# 0-1

[Event "Romanian Championship 2024"]
[Site "Eforie Nord"]
[Date "2024.02.25"]
[Round "2.23"]
[White "Sava, Robert-Gabriel"]
[Black "Constantinoiu, Alexandru Ioan"]
[Result "1-0"]
[ECO "E09"]
[WhiteElo "2053"]
[BlackElo "1754"]
[Annotator "RC"]
[PlyCount "123"]
[EventDate "2024.02.24"]
[EventType "swiss"]
[EventCountry "ROU"]
[SourceTitle "playchess.com"]
[Source "ChessBase"]
[SourceQuality "1"]
[TimeControl "40/5400+30:900+30"]

1. d4 d5 2. c4 c6 3. Nf3 Nf6 4. g3 e6 5. Bg2 Nbd7 6. O-O Be7 7. Qc2 O-O 8. Rd1 b6 9. Nbd2 Bb7 10. e4 Rc8 11. e5 Ne8 12. cxd5 cxd5 13. Qd3 Nb8 14. Nf1 Ba6 15. Qe3 Nc6 16. a3 Na5 17. b3 Nc7 18. Bd2 Nc6 19. Rdc1 Qd7 20. g4 f6 21. exf6 Rxf6 22. g5 Rff8 23. Ng3 Bd6 24. Qe1 Nb5 25. Rxc6 Rxc6 26. a4 Nc7 27. Ne5 Bxe5 28. Qxe5 Rc2 29. Be3 Bd3 30. h4 g6 31. h5 Qg7 32. Qd6 Qf7 33. h6 Ne8 34. Qe5 Rc6 35. Bh3 Bf5 36. Nxf5 gxf5 37. Bf4 Nd6 38. Re1 Re8 39. Bf1 Qg6 40. Be2 Re7 41. Be3 Ne4 42. Qf4 Rc3 43. Rc1 Rxe3 44. fxe3 Qxg5+ 45. Qxg5+ Nxg5 46. Bh5 Rf7 47. Bxf7+ Kxf7 48. Rc7+ Kg6 49. Rxa7 Nf3+ 50. Kf2 Nd2 51. Rb7 Kxh6 52. Rxb6 Kg5 53. a5 h5 54. a6 h4 55. a7 h3 56. a8=Q h2 57. Qg8+ Kh4 58. Qh7+ Kg4 59. Qxh2 Ne4+ 60. Kg2 e5 61. Rg6+ Ng5 62. Qh3# 1-0

[Event "Romanian Championship 2024"]
[Site "Eforie Nord"]
[Date "2024.02.26"]
[Round "3.1"]
[White "Ilinca, Felix-Antonio"]
[Black "Parligras, Mircea-Emilian"]
[Result "0-1"]
[ECO "B90"]
[WhiteElo "2415"]
[BlackElo "2539"]
[Annotator "TA"]
[PlyCount "98"]
[EventDate "2024.02.24"]
[EventType "swiss"]
[EventCountry "ROU"]
[SourceTitle "playchess.com"]
[Source "ChessBase"]
[SourceQuality "1"]
[TimeControl "40/5400+30:900+30"]

1. e4 c5 2. Nf3 d6 3. d4 cxd4 4. Nxd4 Nf6 5. Nc3 a6 6. Rg1 e5 {[%emt 0:01:11] 6...h5 is the fancy move.} 7. Nb3 {[%emt 0:00:21] B90: Sicilian Najdorf: Unusual White 6th moves, 6 Be3 Ng4 and 6 Be3 e5.} h5 8. Be3 Ng4 9. Bd2 Be6 $146 ({Predecessor:} 9... Be7 10. h3 Nf6 11. Qf3 Be6 12. O-O-O Qc8 13. Kb1 Nbd7 14. g4 g6 15. g5 Nh7 {1-0 Fier,A (2606)-Delgado Ramirez,N (2561) Montevideo Duchamp Cup 6th 2023 (7)}) 10. h3 Nf6 11. Qf3 h4 12. O-O-O Nbd7 13. Nd5 (13. g3 $16) 13... Bxd5 $11 14. exd5 g6 15. Kb1 Qc7 16. Bd3 (16. g4 $14) 16... Bg7 17. Bg5 Rh5 18. Bd2 Kf8 ({Much worse is} 18... Nb6 $6 19. Ba5 $16) 19. g4 hxg3 20. fxg3 Rxh3 21. Qg2 Rh7 22. g4 e4 23. Bxe4 Nxe4 24. Qxe4 Re8 25. Qf4 Be5 26. Qf2 Rh2 27. Rg2 (27. Qf3 {is more complex.} Bg7 28. Rde1 Rxe1+ 29. Rxe1 Be5 30. Rf1) 27... Rxg2 28. Qxg2 Qc4 29. Bc1 Bg7 30. Qg3 Re5 31. Qf4 Nb6 32. Na5 Qb5 33. Rf1 (33. Nxb7 $15 Nxd5 (33... Rxd5 $2 {perishes.} 34. Nxd6 Qd7 35. Nxf7 $18) 34. Nxd6 Nxf4 35. Nxb5 Rxb5 36. c4) 33... Qxd5 ({And not} 33... Qxa5 34. Qxf7#) 34. Nb3 Nc4 35. Qf2 Kg8 36. Qh4 Re8 37. Rh1 Qe5 38. c3 b5 39. a3 a5 40. Qh7+ Kf8 41. Bh6 {[%emt 0:00:46] [#]} Bxh6 $1 42. Qxh6+ Qg7 43. Qg5 Qe5 44. Qh6+ Ke7 45. Nd4 Kd7 46. Rf1 Re7 (46... Qd5 $17 {[%cal Ob5b4] Strongly threatening ...b4!} 47. Qf4 Re7) 47. Qf8 $2 (47. Qh1 $11 d5 (47... Nd2+ $2 48. Ka1 $17) 48. Ka2) 47... Qh2 $19 48. Nc2 Nd2+ 49. Ka2 Nxf1 0-1

[Event "Romanian Championship 2024"]
[Site "Eforie Nord"]
[Date "2024.02.26"]
[Round "3.2"]
[White "Gavrilescu, David"]
[Black "Ognean, Mihnea-Ionut"]
[Result "1-0"]
[ECO "C65"]
[WhiteElo "2523"]
[BlackElo "2382"]
[Annotator "TA"]
[PlyCount "83"]
[EventDate "2024.02.24"]
[EventType "swiss"]
[EventCountry "ROU"]
[SourceTitle "playchess.com"]
[Source "ChessBase"]
[SourceQuality "1"]
[TimeControl "40/5400+30:900+30"]

1. e4 e5 2. Nf3 Nc6 3. Bb5 Nf6 4. d4 Nxd4 5. Nxd4 exd4 6. Qxd4 c6 7. Bd3 d6 8. O-O {[%emt 0:00:58] The position is equal.} Be7 9. Rd1 Bg4 10. Re1 O-O 11. Nc3 Qb6 12. Ne2 Qxd4 13. Nxd4 Rfe8 14. h3 Bd7 15. Bf4 Rad8 16. c3 g6 17. a4 a6 18. a5 c5 19. Nf3 Bc6 20. Rad1 Bf8 21. Nd2 Kg7 22. Bc2 d5 23. e5 Nd7 24. Nf1 Be7 25. e6 fxe6 26. Rxe6 Bf6 27. Rxe8 Rxe8 28. Ne3 d4 29. Ng4 Re2 (29... Bb5 $11 {remains equal.}) 30. Bh6+ Kf7 31. Bb3+ Ke7 (31... Ke8 $142) 32. Nxf6 Kxf6 33. cxd4 Rxb2 34. Bg8 {[#] Black must now prevent Re1. This pair of bishops is nice.} Be4 35. dxc5 (35. Bxh7 Kf7 36. dxc5 Rb1 37. Rxb1 Bxb1 $15) 35... Nxc5 (35... Rb1 $16 {keeps fighting.} 36. Rxb1 Bxb1) 36. Be3 $18 {[%emt 0:00:26] Hoping for Bd4+.} (36. Bxh7 $6 Bc2 37. Rd8 Rb5 38. Rf8+ Ke7) 36... Rc2 {[%emt 0:00:52] [#]} 37. Bd4+ $1 (37. Bxh7 Kg7 38. Bxc5 Rxc5 39. Rd7+ Kh6 $14) 37... Kg5 $2 (37... Ke7 38. Re1 (38. Bxh7 Kf7 $16) 38... Kf8) 38. Re1 ({Weaker is} 38. Bxh7 Ne6 39. Bb6 Kf6 $18) 38... Bf5 {[%emt 0:00:43] White is clearly winning.} 39. g4 Nd3 40. Re3 Rc1+ (40... Bxg4 $142 41. Rxd3 Bf5 42. Rg3+ Kf4) 41. Kh2 Bxg4 42. Rxd3 {[%emt 0:00:45] Weighted Error Value: White=0.09 (flawless) /Black=0.24 (precise) .  Mistake:       	---       	Black=5      Inaccurate:     	---       	Black=2      OK:         	White=11    	Black=10     Best:        	White=3     	---        Strong:       	White=1     	---} 1-0

[Event "Romanian Championship 2024"]
[Site "Eforie Nord"]
[Date "2024.02.26"]
[Round "3.3"]
[White "Prisacaru, Stefan-Emilian"]
[Black "Bulmaga, Irina"]
[Result "1/2-1/2"]
[ECO "E49"]
[WhiteElo "2289"]
[BlackElo "2439"]
[Annotator "TA"]
[PlyCount "130"]
[EventDate "2024.02.24"]
[EventType "swiss"]
[EventCountry "ROU"]
[SourceTitle "playchess.com"]
[Source "ChessBase"]
[SourceQuality "1"]
[TimeControl "40/5400+30:900+30"]

1. d4 Nf6 2. c4 e6 3. Nc3 Bb4 4. e3 O-O 5. Bd3 d5 6. a3 Bxc3+ 7. bxc3 dxc4 8. Bxc4 c5 9. Ne2 Qc7 10. Bd3 e5 11. dxe5 Qxe5 12. O-O Nc6 13. Qc2 Qe7 14. Ng3 Ne5 15. Be2 Re8 16. c4 Bd7 17. Bb2 Bc6 18. Rad1 (18. e4 $16) 18... Qe6 (18... Ng6 $14) 19. Rd2 (19. e4 $16) 19... Ng6 $14 20. Rfd1 Ne4 {[%emt 0:06:56] Against Rd6} 21. Nxe4 Qxe4 (21... Bxe4 {keeps more tension.} 22. Qc3 f6 23. Rd6 Qf5) 22. Qxe4 Bxe4 23. Bd3 Bc6 24. Bf5 Nf8 25. Bc3 {[%emt 0:03:36] Black is weak on the dark squares} Ba4 26. Rb1 b6 27. Bg4 Rad8 28. Rbb2 Bc6 29. Kf1 $1 f6 30. Bf3 Bxf3 31. gxf3 Kf7 32. a4 Ke7 33. a5 Rxd2 34. Bxd2 $11 {[%emt 0:00:07][%mdl 4096] Endgame. KRB-KRN} Nd7 35. Bc3 Kd6 36. Ke2 Kc6 37. f4 Rb8 38. axb6 Nxb6 39. Ba5 Ra8 40. Rc2 Re8 41. f3 f5 42. Kd3 Rd8+ 43. Ke2 Rd6 44. Bxb6 axb6 {[%emt 0:00:03] KR-KR} 45. Ra2 Rh6 46. Kd3 Rh3 47. Rf2 b5 48. cxb5+ {[%emt 0:01:46] The position is equal.} Kxb5 49. Rg2 g6 50. Rf2 Kb6 51. Kc3 Kc7 52. Kb3 Kd6 53. Kc3 h6 54. Kc4 g5 {[%emt 0:00:40] And now ...gxf4 would win.} 55. Rd2+ Ke6 56. Kxc5 Rxf3 57. Rd6+ Kf7 58. Rxh6 gxf4 59. exf4 Rxf4 60. Kd5 Re4 61. Ra6 Re2 62. h4 Kg7 63. h5 f4 64. h6+ Kh7 65. Rf6 f3 {[%emt 0:06:23] Weighted Error Value: White=0.06 (flawless) /Black=0.07 (flawless) .  Mistake:       	White=2     	Black=1      Inaccurate:     	White=3     	Black=4      OK:         	White=31    	Black=25     Best:        	White=1     	---        Strong:       	White=1     	---} 1/2-1/2

[Event "Romanian Championship 2024"]
[Site "Eforie Nord"]
[Date "2024.02.26"]
[Round "3.4"]
[White "Magold, Filip"]
[Black "Cnejev, Vladimir-Alexandru"]
[Result "1/2-1/2"]
[ECO "C84"]
[WhiteElo "2400"]
[BlackElo "2311"]
[Annotator "TA"]
[PlyCount "63"]
[EventDate "2024.02.24"]
[EventType "swiss"]
[EventCountry "ROU"]
[SourceTitle "playchess.com"]
[Source "ChessBase"]
[SourceQuality "1"]
[TimeControl "40/5400+30:900+30"]

1. e4 e5 2. Nf3 Nc6 3. Bb5 a6 4. Ba4 Nf6 5. d3 b5 6. Bb3 Be7 7. O-O d6 8. a4 Bg4 9. c3 O-O 10. h3 Bh5 11. Nbd2 Na5 12. Bc2 c5 13. Re1 Qc7 14. Nf1 Rad8 15. Ng3 Bg6 16. Nh4 d5 (16... b4 $11 {keeps the balance.}) 17. Nxg6 ({White should try} 17. axb5 $16 {Threatens to win with Ngf5.} axb5 18. Ngf5) 17... hxg6 $11 18. axb5 axb5 19. exd5 Nxd5 20. Qf3 c4 21. dxc4 Nxc4 22. b3 Ncb6 23. Bb2 f5 24. c4 $1 e4 {[%emt 0:01:07] [#]} ({Black should play} 24... Bf6 $1 $15 25. Nh5 bxc4 (25... gxh5 26. Qxf5 e4 27. Qxe4 $16) 26. Nxf6+ gxf6) 25. Nxe4 $1 bxc4 26. Nc3 {[%emt 0:04:44] And now bxc4 would win.} Nb4 {[%emt 0:01:09] Excellent horsemanship.} 27. Qe2 {[%emt 0:08:03] [#]} (27. Re2 $11) 27... Bf6 (27... Bc5 $1 $17 {aiming for ...Kh7.} 28. Red1 Rfe8 29. Rxd8 Qxd8) 28. Nb5 {[%emt 0:01:38] The position is equal.} Qc5 29. Bxf6 Rxf6 30. bxc4 Nxc2 $1 31. Qxc2 Qxc4 32. Qxc4+ {[%emt 0:04:48] Weighted Error Value: White=0.19 (very precise) /Black=0.14 (very precise) .  Mistake:       	White=2     	Black=3      Inaccurate:     	White=2     	Black=1      OK:         	White=8     	Black=5      Best:        	White=1     	Black=2      Strong:       	White=1     	Black=1      Brilliant:      	White=1     	---} 1/2-1/2

[Event "Romanian Championship 2024"]
[Site "Eforie Nord"]
[Date "2024.02.26"]
[Round "3.5"]
[White "Stoleriu, George"]
[Black "Serban, Cristian-Stefan"]
[Result "1/2-1/2"]
[ECO "B15"]
[WhiteElo "2391"]
[BlackElo "2309"]
[Annotator "RC"]
[PlyCount "114"]
[EventDate "2024.02.24"]
[EventType "swiss"]
[EventCountry "ROU"]
[SourceTitle "playchess.com"]
[Source "ChessBase"]
[SourceQuality "1"]
[TimeControl "40/5400+30:900+30"]

1. e4 c6 2. d4 d5 3. Nc3 dxe4 4. Nxe4 Nf6 5. Nxf6+ exf6 6. Be3 Qb6 7. Qe2 Be7 8. O-O-O Qa5 9. Kb1 Be6 10. c4 O-O 11. Qc2 Rd8 12. Bd3 h6 13. Ne2 Na6 14. Bd2 Bb4 15. a3 Bxd2 16. Qxd2 Qxd2 17. Rxd2 Kf8 18. Rhd1 Nc7 19. Rc1 Rd6 20. Be4 Rad8 21. b3 a5 22. Kb2 f5 23. Bf3 g5 24. g3 Ne8 25. a4 Nc7 26. Rcd1 Na6 27. Bg2 Nb4 28. h4 Ke7 29. hxg5 hxg5 30. Rh1 Kf6 31. Kc3 Rg8 32. Ng1 Ke7 33. Nf3 f4 34. gxf4 gxf4 35. Bf1 Rdd8 36. Rh4 Rg4 37. Rh5 b6 38. Bh3 Rg7 39. Re2 Kd6 40. Rh6 Re8 41. Rf6 Re7 42. Bxe6 Rxe6 43. Rexe6+ fxe6 44. Rxf4 Rg2 45. Ne1 Rg1 46. Re4 c5 47. Kd2 Nc6 48. dxc5+ bxc5 49. Nc2 Rf1 50. Rf4 Rb1 51. Kc3 Ke5 52. Rf3 Rc1 53. Re3+ Kd6 54. Kd2 Rf1 55. Ke2 Rc1 56. Kd2 Rf1 57. Ke2 Rc1 1/2-1/2

[Event "Romanian Championship 2024"]
[Site "Eforie Nord"]
[Date "2024.02.26"]
[Round "3.6"]
[White "Nastase, Robert-Paul"]
[Black "Lupulescu, Constantin"]
[Result "0-1"]
[ECO "B23"]
[WhiteElo "2226"]
[BlackElo "2589"]
[Annotator "TA"]
[PlyCount "74"]
[EventDate "2024.02.24"]
[EventType "swiss"]
[EventCountry "ROU"]
[SourceTitle "playchess.com"]
[Source "ChessBase"]
[SourceQuality "1"]
[TimeControl "40/5400+30:900+30"]

1. e4 c5 2. Nc3 a6 3. g3 b5 4. Bg2 Bb7 5. Nh3 d6 6. O-O e6 7. d3 Nf6 8. f4 {[%emt 0:00:07] The position is equal.} Be7 {[%emt 0:01:06] [#]} (8... Qd7 $11 {remains equal.}) 9. Nf2 (9. e5 $1 $16 Bxg2 10. Kxg2) 9... Nc6 10. g4 h6 11. a4 b4 12. Ne2 d5 13. Ng3 dxe4 14. Nfxe4 Nxe4 15. Nxe4 Qd4+ 16. Kh1 c4 17. dxc4 Qxc4 18. b3 Qd4 19. Qxd4 Nxd4 20. Rd1 {[%emt 0:00:03] [#] Nd6+ would now be deadly.} O-O-O (20... Rd8 $5 21. Nd6+ Rxd6 (21... Bxd6 22. Bxb7 Bc5 23. Bxa6 $14) 22. Bxb7 O-O $11 (22... Nxc2 23. Rxd6 Bxd6 24. Ra2 $11)) 21. Bb2 Bxe4 (21... Nxc2 22. Rdc1 f6 (22... Bxe4 $2 23. Bxe4 Rd2 24. Rxc2+ $18) 23. Rxc2+ $18) 22. Bxd4 Bxg2+ (22... Bxc2 $2 23. Rac1 Bf6 24. Rxc2+ $18) 23. Kxg2 f6 24. Bb6 Rd6 25. a5 h5 26. h3 hxg4 27. hxg4 Rc6 28. Rd2 Rh4 29. Kg3 f5 30. g5 Rg4+ 31. Kf3 Bd6 32. Be3 (32. Rad1 $1 $11 Rxf4+ (32... Bxf4 33. Rd8+ Kb7 34. R1d7+ Bc7 35. Rxg7 $11) 33. Kg2 Rg4+ 34. Kf1 Rf4+ 35. Ke1) 32... e5 $36 {[%emt 0:00:09][%mdl 2048] Black is more active.} 33. fxe5 Bxe5 34. Rad1 Bc7 {[%emt 0:01:32] Against Rd8+. Black is more active.} 35. Rg1 (35. Re2 $1 $15) 35... Rxg1 {[%emt 0:00:14] Black is better.} (35... Bxa5 36. Rxg4 fxg4+ 37. Kxg4 $11) 36. Bxg1 g6 (36... Bxa5 37. Rd5 Bd8 38. Rxf5 $16) 37. Bd4 Rd6 {[%emt 0:02:45] Weighted Error Value: White=0.16 (very precise) /Black=0.12 (very precise) .  Mistake:       	White=3     	Black=1      Inaccurate:     	White=1     	Black=2      OK:         	White=9     	Black=17     Best:        	White=1     	---} 0-1

[Event "Romanian Championship 2024"]
[Site "Eforie Nord"]
[Date "2024.02.26"]
[Round "3.7"]
[White "Nevednichy, Vladislav"]
[Black "Antal, Hunor-Zoltan"]
[Result "0-1"]
[ECO "B90"]
[WhiteElo "2451"]
[BlackElo "2272"]
[Annotator "RC"]
[PlyCount "74"]
[EventDate "2024.02.24"]
[EventType "swiss"]
[EventCountry "ROU"]
[SourceTitle "playchess.com"]
[Source "ChessBase"]
[SourceQuality "1"]
[TimeControl "40/5400+30:900+30"]

1. e4 c5 2. Nf3 d6 3. d4 cxd4 4. Nxd4 Nf6 5. Nc3 a6 6. Nb3 e6 7. g4 Be7 8. g5 Nfd7 9. h4 Nc6 10. Be3 b5 11. a3 Bb7 12. Qe2 Rc8 13. Bg2 Nce5 14. Rd1 h6 15. f4 Nc4 16. Bc1 hxg5 17. hxg5 Rxh1+ 18. Bxh1 Qb6 19. Rd3 Nc5 20. Nxc5 Qxc5 21. Qf2 b4 22. Qxc5 dxc5 23. Nb1 e5 24. f5 Nd6 25. f6 gxf6 26. gxf6 Bf8 27. Bg5 c4 28. Re3 c3 29. axb4 cxb2 30. Kd1 Rd8 31. Ke2 a5 32. bxa5 Ba6+ 33. Kd1 Nc4+ 34. Rd3 Na3 35. Rxd8+ Kxd8 36. c4 Bxc4 37. Bc1 Bb3+ 0-1

[Event "Romanian Championship 2024"]
[Site "Eforie Nord"]
[Date "2024.02.26"]
[Round "3.8"]
[White "Manolache, Marius"]
[Black "Daianu, Cristian-Clement"]
[Result "1-0"]
[ECO "D00"]
[WhiteElo "2387"]
[BlackElo "2201"]
[Annotator "TA"]
[PlyCount "65"]
[EventDate "2024.02.24"]
[EventType "swiss"]
[EventCountry "ROU"]
[SourceTitle "playchess.com"]
[Source "ChessBase"]
[SourceQuality "1"]
[TimeControl "40/5400+30:900+30"]

1. d4 Nf6 2. Bf4 d5 3. e3 Bf5 4. Nc3 e6 5. Nb5 Na6 6. a3 c6 7. Nc3 Nb8 8. Nf3 {[%emt 0:03:44] The position is equal.} Bd6 9. Ne5 Qc7 10. g4 Bg6 11. h4 {[%emt 0:02:49] [#] h5 is the strong threat.} Ne4 12. Ne2 f6 $1 13. Nxg6 hxg6 14. Bg2 g5 15. hxg5 Rxh1+ 16. Bxh1 {[%emt 0:00:04] Hoping for gxf6.} fxg5 17. Bxe4 {[%emt 0:00:47] Threatens to win with Bg6+.} gxf4 18. Bg6+ Kd8 19. Qd2 (19. e4 $5) 19... Qe7 (19... fxe3 $11 20. Qxe3 Qe7) 20. exf4 {[%emt 0:02:41] White is more active.} Qh4 {[%emt 0:01:08] And now ...Qh1+ would win.} 21. O-O-O Qxf2 22. Rh1 {[%emt 0:04:19] aiming for Rh8+.} Kc7 {[%emt 0:03:50] [#]} (22... Nd7 $14) 23. Rh8 $1 $36 {[%emt 0:09:25][%mdl 2048] Black is under strong pressure.} Qf1+ 24. Qd1 Bxf4+ 25. Nxf4 Qxf4+ 26. Kb1 a6 (26... Qf6 $142) 27. Qe1 $18 Qxg4 $2 (27... a5 {is more resistant.} 28. Bd3 (28. Qxe6 Qf1+ 29. Ka2 Qc4+ 30. b3 Qxd4 $18) 28... Kb6 29. Qxe6 Qxd4) 28. Qe5+ Kb6 29. Qxg7 {[%emt 0:00:11] Black must now prevent Rh7.} (29. Rxb8 $2 Rxb8 30. Qxb8 Qxg6 $19) 29... Qg3 30. Rh7 Ra7 31. Qf8 {[%emt 0:02:53][%csl Gd4][%cal Rf8c5] Wards off Qd6. White mates.} Qg1+ 32. Ka2 Qxd4 33. Qd8+ {[%emt 0:00:10] Weighted Error Value: White=0.04 (flawless) /Black=0.53.  Mistake:       	---       	Black=4      Inaccurate:     	White=2     	Black=3      OK:         	White=9     	Black=8      Best:        	White=7     	Black=2      Strong:       	White=1     	Black=1} 1-0